 Dungeon Crawl Stone Soup version 0.22.0-6-g71bd7aa6b3 (webtiles) character file.

136 Minion the Firebug (level 5, 0/28 HPs)
             Began as a Gargoyle Fire Elementalist on Aug 16, 2018.
             Slain by a gnoll
             ... wielding a +0 spear
              (2 damage)
             ... on level 3 of the Dungeon.
             The game lasted 00:06:11 (2814 turns).

Minion the Firebug (Gargoyle Fire Elementalist)     Turns: 2814, Time: 00:06:11

Health: 0/28       AC:  6    Str: 12      XL:     5   Next: 19%
Magic:  0/10       EV: 12    Int: 15 (16) God:
Gold:   88         SH:  0    Dex:  9 (10) Spells: 10/11 levels left

rFire    . . .     SeeInvis +   j - -2 flail (curse)
rCold    + . .     Gourm    .   (no shield)
rNeg     + . .     Faith    .   a - +0 robe
rPois    ∞         Spirit   .   (no helmet)
rElec    +         Reflect  .   (no cloak)
rCorr    .         Harm     .   (no gloves)
MR       .....                  (no boots)
Stlth    ++........             (no amulet)
HPRegen  0.09/turn              l - ring of protection from cold
MPRegen  0.12/turn              d - ring of see invisible

@: very slightly contaminated
A: negative energy resistance 1, electricity resistance, unbreathing,
petrification resistance, rot immunity, AC +4
a: no special abilities


You were on level 3 of the Dungeon.
You were not hungry.

You visited 1 branch of the dungeon, and saw 3 of its levels.

You collected 88 gold pieces.

Inventory:

Hand Weapons
 j - a cursed -2 flail (weapon)
Armour
 a - a +0 robe (worn)
Jewellery
 d - a ring of see invisible (right hand)
 l - a ring of protection from cold (left hand)
Scrolls
 b - a scroll of remove curse {unknown}
 f - 3 scrolls of amnesia
Potions
 e - a potion of berserk rage {unknown}
 h - a potion of curing
 i - a potion of invisibility
Comestibles
 c - 6 rations
 g - 8 chunks of flesh


   Skills:
 + Level 1.7 Dodging
 - Level 2.1 Stealth
 + Level 3.6 Spellcasting
 - Level 1.1 Conjurations
 + Level 4.5 Fire Magic


You had 10 spell levels left.
You knew the following spells:

 Your Spells              Type           Power        Failure   Level  Hunger
a - Flame Tongue          Conj/Fire      ##...        6%          1    None

Your spell library contained the following spells:

 Spells                   Type           Power        Failure   Level  Hunger
 Fireball                 Conj/Fire      ##........   86%         5    ######.
 Conjure Flame            Conj/Fire      ##......     19%         3    ###....
 Throw Flame              Conj/Fire      ##....       9%          2    ##.....
 Sticky Flame             Conj/Fire      ##......     52%         4    ####...
 Inner Flame              Hex/Fire       #.......     22%         3    ###....


Dungeon Overview and Level Annotations

Branches:
Dungeon (3/15)

Altars:
Gozag
Xom
Zin

Annotations:
D:3 Sigmund


Innate Abilities, Weirdness & Mutations

You are resistant to torment.
Your stone body is resilient. (AC +4)
You are immune to poison.
You resist negative energy. (rN+)
You are resistant to electric shocks. (rElec)
You can survive without breathing.
You are immune to petrification.
You are immune to rotting.


Message History

The gnoll hits you but does no damage.
Casting: Flame Tongue (safe; 6% risk of failure)
Confirm with . or Enter, or press ? or * to list all spells.
Aiming: Flame Tongue (safe; 6% risk of failure)
Press: ? - help, Shift-Dir - straight line, f/p - gnoll
Aim: a gnoll, wielding a whip (severely wounded)
The flame tongue hits the gnoll.
The gnoll is almost dead.
The gnoll hits you but does no damage. x2
Casting: Flame Tongue (safe; 6% risk of failure)
Confirm with . or Enter, or press ? or * to list all spells.
Aiming: Flame Tongue (safe; 6% risk of failure)
Press: ? - help, Shift-Dir - straight line, f/p - gnoll
Aim: a gnoll, wielding a whip (almost dead)
You miscast Flame Tongue.
You are very lightly contaminated with residual magic.
Nothing appears to happen.
The gnoll hits you with a whip.
* * * LOW HITPOINT WARNING * * *
The gnoll hits you from afar with a spear.
You die...

#.#.####....#..###... ####.#.##
#............. #.........#
##.####.####.. #.####.#..# #.#
..... #.. #.# #.#..#
#.#.......#.. #.#
#.#..####.#.......#.. #.#
##.#..........._...... #.#
#.[..)#....#.......#.. #.#
#.###@#.##.#.......#..
##.###.#.#g#.##.# ..... #.#
#######...##..#g.#.##.####.####.#
......[......#.....##.......(...#
#######...#.##.#..####.......)..#
..# #..........................
#.####...##.##.##.####........).#
.......#.....#.#!## #..........#
#.####...###...J## #.........##


You could see 2 gnolls.

Vanquished Creatures
  An orc priest (D:3)
  2 gnolls (D:3)
  An adder (D:2)
  4 worms
  2 leopard geckos (D:3)
  7 orcs (D:3)
  7 bats
  3 giant cockroaches
  4 goblins
  5 hobgoblins
  6 jackals
  A ball python (D:2)
  3 frilled lizards (D:1)
  7 kobolds
  5 rats
58 creatures vanquished.

Vanquished Creatures (others)
  4 toadstools (D:1)
4 creatures vanquished.

Grand Total: 62 creatures vanquished

Notes
Turn   | Place    | Note
-------+----------+-------------------------------------------
     0 | D:1      | Minion the Gargoyle Fire Elementalist began the quest for the Orb.
     0 | D:1      | Reached XP level 1. HP: 10/10 MP: 3/3
   159 | D:1      | Reached XP level 2. HP: 5/15 MP: 0/5
   822 | D:2      | Reached XP level 3. HP: 19/19 MP: 2/6
  1480 | D:2      | Found a faded altar of an unknown god.
  1527 | D:2      | Found a shimmering altar of Xom.
  1740 | D:2      | Found a glowing silver altar of Zin.
  1756 | D:2      | Reached XP level 4. HP: 17/24 MP: 0/8
  2039 | D:3      | Reached skill level 4 in Fire Magic
  2189 | D:3      | Noticed Sigmund
  2689 | D:3      | Reached XP level 5. HP: 25/28 MP: 3/10
  2757 | D:3      | Found an opulent altar of Gozag.
  2814 | D:3      | Slain by a gnoll

Skill      XL: |  1  2  3  4 |
---------------+-------------+-----
Spellcasting   | 3 |  3.6
Fire Magic     | 4 |  4.5
Dodging        | |  1.7
Stealth        | |  2.1
Conjurations   | |  1.1

Action                   |  1- 3 |  4- 6 || total
-------------------------+-------+-------++-------
Melee: Unarmed           |    95 |    35 ||   130
       Flail             |       |     1 ||     1
 Cast: Flame Tongue      |    59 |    52 ||   111
  Use: Potion            |     4 |       ||     4
       Scroll            |     3 |       ||     3
 Stab: Sleeping          |     2 |       ||     2
  Eat: Chunk             |     3 |     4 ||     7
Armor: Robe              |    76 |    16 ||    92
Dodge: Dodged            |   124 |    39 ||   163
